 Dungeon Crawl Stone Soup version 0.19-a0-751-gbe1ce7d (webtiles) character file.

758 Ordine the Insei (level 7, -5/46 HPs)
             Began as an Octopode Monk on June 25, 2016.
             Slain by a sky beast (6 damage)
             ... on level 6 of the Dungeon.
             The game lasted 00:15:11 (5559 turns).

Ordine the Insei (Octopode Monk)                    Turns: 5559, Time: 00:15:12

Health: -5/46      AC:  1    Str: 14    XL:     7   Next: 80%
Magic:  9/9        EV: 14    Int: 14    God:
Gold:   255        SH:  0    Dex: 19    Spells: 0 memorised, 6 levels left

rFire  . . .     SeeInvis .       - Unarmed
rCold  + . .     Gourm    .     (no shield)
rNeg   . . .     Faith    .     (helmet restricted)
rPois  .         Spirit   .     i - amulet of rage
rElec  .         Dismiss  .     g - +4 ring of dexterity
rCorr  .         Reflect  .     e - ring of protection from cold
SustAt .         Harm     .     m - +4 ring of strength
MR     .....                    (no ring)
Stlth  +++++.....               (no ring)
                                (no ring)
                                (no ring)
                                (no ring)

@: exhausted, slowed, very slow, not resistant to hostile enchantments, quite
stealthy
A: almost no armour, amphibious, 8 rings, constrict 8, camouflage 1, gelatinous
body 1
a: Evoke Berserk Rage


You were on level 6 of the Dungeon.
You were not hungry.

You visited 2 branches of the dungeon, and saw 7 of its levels.

You collected 255 gold pieces.

Inventory:

Magical Staves
 l - an uncursed staff of poison
Jewellery
 e - a ring of protection from cold (right tentacle)
 g - a +4 ring of dexterity (left tentacle)
 i - an amulet of rage (around mantle)
 m - a +4 ring of strength (on tentacle)
 r - an uncursed ring of fire
Wands
 n - a wand of iceblast (8/15)
Scrolls
 b - a scroll of remove curse
 f - 3 scrolls of magic mapping
 k - a scroll of noise
Potions
 c - a potion of curing
 d - a potion of agility
 o - a potion of might
 q - a potion of resistance {unknown}
Comestibles
 a - 5 bread rations
 h - a royal jelly
 j - a meat ration


   Skills:
 - Level 3.0 Fighting
 - Level 3.0 Dodging
 + Level 6.7 Stealth
 * Level 6.9 Unarmed Combat
 + Level 3.5 Evocations


You had 6 spell levels left.
You didn't know any spells.

Dungeon Overview and Level Annotations

Branches:
Dungeon (6/15)             Temple (1/1) D:5

Altars:
Ashenzari
Dithmenos
Elyvilon
Hepliaklqana
Kikubaaqudgha
Nemelex Xobeh
Okawaru
Pakellas
Qazlal
Sif Muna
Trog
Uskayaw
Vehumet
Xom
Yredelemnul
Zin
The Shining One

Annotations:
D:3 1 runed door


Innate Abilities, Weirdness & Mutations

You cannot wear most types of armour.
You are amphibious.
You can wear up to eight rings at the same time.
You can use your tentacles to constrict eight enemies at once.
Your skin changes colour to match your surroundings (Stealth+).
Your rubbery body absorbs attacks. (AC +1)


Message History

* * * LOW HITPOINT WARNING * * *
You barely miss something. You bludgeon something! You closely miss something.
Something hits you.
* * * LOW HITPOINT WARNING * * *
Something shocks you.
* * * LOW HITPOINT WARNING * * *
You are too berserk!
There is a stone staircase leading up here.
You feel a strong urge to attack something.
Found a cloak.
You see here a whip.
You feel your anger subside.
You are no longer berserk.
You are exhausted.
You feel yourself slow down. Something barely misses you. Something hits you.
* * * LOW HITPOINT WARNING * * *
Something shocks you.
You die...

...
...#
=[.
#.#
#.###
#...
#!.###
#.).<#
#.{@.#
##..≈#
#..##
#..#
#..#
#..#
#..#
#..#
#...


There were no monsters in sight!

Vanquished Creatures
  Sigmund (D:3)
  An ice beast (D:5)
  A centaur (D:5)
  A crimson imp (D:5)
  A human zombie (D:3)
  An orc priest (D:4)
  2 hounds (D:4)
  Crazy Yiuf (D:4)
  A jelly (D:5)
  2 orc wizards
  6 adders
  3 oozes
  A worm (D:2)
  2 dart slugs (D:2)
  3 giant geckos (D:2)
  10 orcs
  9 bats
  7 giant cockroaches
  4 hobgoblins
  7 jackals
  A quokka (D:5)
  A ball python (D:2)
  A giant newt (D:5)
  8 goblins
  A jackal skeleton (D:5)
  6 kobolds
  5 rats
  A fungus (D:4)
88 creatures vanquished.

Notes
Turn   | Place    | Note
--------------------------------------------------------------
     0 | D:1      | Ordine the Octopode Monk began the quest for the Orb.
     0 | D:1      | Reached XP level 1. HP: 16/16 MP: 1/1
   105 | D:1      | You fall through a shaft!
   118 | D:1      | Reached XP level 2. HP: 21/21 MP: 2/2
   794 | D:2      | Found a faded altar of an unknown god.
   821 | D:2      | Reached XP level 3. HP: 26/26 MP: 3/3
   926 | D:2      | Noticed a dagger
   927 | D:2      | Noticed a hand axe
   930 | D:2      | Found a hide-covered altar of Uskayaw.
  1298 | D:2      | Reached XP level 4. HP: 31/31 MP: 4/4
  1811 | D:3      | Found a sparkling altar of Nemelex Xobeh.
  2030 | D:3      | Noticed Sigmund
  2081 | D:3      | Killed Sigmund
  2081 | D:3      | Reached skill level 5 in Stealth
  2081 | D:3      | Reached skill level 5 in Unarmed Combat
  2081 | D:3      | Reached skill level 1 in Evocations
  2081 | D:3      | Reached XP level 5. HP: 18/36 MP: 4/6
  2081 | D:3      | Reached XP level 6. HP: 21/42 MP: 4/7
  2491 | D:3      | Found a runed door.
  2491 | D:3      | Noticed a human
  2560 | D:3      | Found a basalt altar of Yredelemnul.
  2990 | D:4      | Found a bloodstained altar of Trog.
  3885 | D:4      | Found a runed door.
  3889 | D:4      | Noticed Crazy Yiuf
  3894 | D:4      | Killed Crazy Yiuf
  3969 | D:4      | Reached XP level 7. HP: 46/46 MP: 8/8
  4056 | D:5      | Entered Level 5 of the Dungeon
  4058 | D:5      | Found a staircase to the Ecumenical Temple.
  4080 | Temple   | Entered the Ecumenical Temple
  4720 | D:5      | Found a hazy altar of Hepliaklqana.
  4871 | D:5      | Found an oddly glowing altar of Pakellas.
  5559 | D:6      | HP: 1/46 [something (3)]
  5559 | D:6      | Slain by a sky beast

Vault maps used:
D:1:      minmay_arrival_loop, kennysheep_another_room
D:2:      dancing_weapons_uskayaw, ecumenical_altar_1, wad_orctagon
D:3:      lemuel_round_altar, dk_yredelemnul_ordeal, uniq_sigmund
D:4:      lemuel_round_altar, uniq_crazy_yiuf_cottage
D:5:      lemuel_doored_altar, first_bread, grunt_pakellas_basics
D:6:      lemuel_crystal_altar
Temple:   chequers_temple_sunken

Skill      XL: |  1  2  3  4  5  6  7 |
---------------+----------------------+-----
Stealth        | 3 5 6 |  6.7
Unarmed Combat | 4 5 6 |  6.9
Evocations     | 1 2 3 |  3.5
Fighting       | |  3.0
Dodging        | |  3.0

Action                   |  1- 3 |  4- 6 |  7- 9 || total
-------------------------+-------+-------+-------++-------
Melee: Unarmed           |    59 |   111 |    44 ||   214
       Constrict         |    16 |    28 |    11 ||    55
       Tentacles         |     9 |    24 |    12 ||    45
       Punch             |     1 |     5 |     1 ||     7
 Abil: Evoke Berserk Rag |       |     2 |     3 ||     5
  Use: Scroll            |     6 |     8 |     2 ||    16
       Potion            |     1 |     3 |       ||     4
 Stab: Sleeping          |    13 |     7 |     3 ||    23
       Invisible         |       |     1 |       ||     1
       Distracted        |       |     1 |       ||     1
  Eat: Chunk             |     1 |     6 |     3 ||    10
       Bread ration      |       |     1 |     1 ||     2
       Beef jerky        |       |     1 |       ||     1
Armor: Skin              |     3 |    21 |     2 ||    26
Dodge: Dodged            |    26 |    57 |    20 ||   103
